 Dungeon Crawl Stone Soup version 0.27-a0-1442-g87b6fcb595 (webtiles) character file.

Game seed: 9896878632101421937

41 wakim the Insei (level 3, -2/23 HPs)
             Began as an Octopode Transmuter on July 4, 2021.
             Slain by Robin (6 damage)
             ... on level 2 of the Dungeon.
             The game lasted 00:02:40 (1350 turns).

wakim the Insei (Octopode Transmuter)               Turns: 1350, Time: 00:02:40

Health: -2/23      AC:  1    Str:  9    XL:     3   Next: 52%
Magic:  4/6        EV: 14    Int: 21    God:
Gold:   36         SH:  0    Dex: 13    Spells: 3/6 levels left

rFire    . . .     SeeInvis .     - Unarmed
rCold    . . .     Faith    .   (no shield)
rNeg     . . .     Spirit   .   (helmet restricted)
rPois    .         Reflect  .   (no amulet)
rElec    .         Harm     .   e - +6 ring of intelligence
rCorr    .         Rampage  .   (no ring)
Will     .....                  (no ring)
Stlth    ++........             (no ring)
HPRegen  0.07/turn              (no ring)
MPRegen  0.10/turn              (no ring)
                                (no ring)
                                (no ring)

@: wereblooded
A: almost no armour, amphibious, 8 rings, camouflage 1, gelatinous body 1,
(nimble swimmer 1), tentacles
a: no special abilities


You were on level 2 of the Dungeon.
You visited 1 branch of the dungeon, and saw 2 of its levels.

You collected 36 gold pieces.

Inventory:

Jewellery
 e - a +6 ring of intelligence (left tentacle)
Scrolls
 a - a scroll of immolation {unknown}
 b - 2 scrolls of noise {unknown}
 d - a scroll of enchant weapon {unknown}
 f - a scroll of identify {unknown}
Potions
 c - 2 potions of curing {unknown}
 g - a potion of magic {unknown}
 h - a potion of mutation {unknown}


   Skills:
 - Level 1.0 Fighting
 * Level 3.3 Dodging
 + Level 3.5 Unarmed Combat
 - Level 2.0 Spellcasting
 - Level 2.0 Transmutations


You had 3 spell levels left.
You knew the following spells:

 Your Spells              Type           Power      Damage    Failure   Level
a - Beastly Appendage     Tmut           20%        N/A       6%          1
b - Wereblood             Tmut           10%        N/A       10%         2

Your spell library contained the following spells:

 Spells                   Type           Power      Damage    Failure   Level
 Spider Form              Tmut/Pois      3%         N/A       28%         3
 Dazzling Flash           Conj/Hex       4%         N/A       41%         3
 Ice Form                 Ice/Tmut       6%         N/A       67%         4
 Agony                    Necr           2%         N/A       99%         5
 Silence                  Hex/Air        1%         N/A       99%         5


Dungeon Overview and Level Annotations

Branches:
Dungeon (2/15)

Altars:

Annotations:
D:2 Robin


Innate Abilities, Weirdness & Mutations

You cannot wear most types of armour.
You are amphibious.
You can wear up to eight rings at the same time.
Your skin changes colour to match your surroundings (Stealth+).
Your rubbery body absorbs attacks. (AC +1, EV +1)
((You are camouflaged near water. (Stealth+)))
You have tentacles for arms and can constrict up to eight enemies at once.


Message History

You kill the goblin!
The goblin hits you with a +0 dagger.
You bludgeon the goblin!
You feel a bit better.
You kill the goblin!
You hear a shout!
A goblin comes into view. It is wielding a +0 club.
Robin throws the goblin at you!
You closely miss the goblin. You grab the goblin. You constrict the goblin.
The goblin barely misses you. The goblin hits you with a +0 club.
You completely miss the goblin.
The goblin is moderately wounded.
You constrict the goblin. The goblin closely misses you.
The goblin hits you with a +0 dagger.
A goblin comes into view. It is wielding a +0 dagger.
The goblin misses you.
You tentacle-slap the goblin.
You feel a bit better.
You kill the goblin!
The goblin closely misses you. The goblin completely misses you.
You closely miss the goblin. Your grab misses the goblin.
You howl as the wereblood boils in your veins!
A goblin comes into view. It is wielding a +0 club.
The goblin completely misses you. The goblin hits you with a +0 dagger.
The goblin hits you with a +0 club.
* * * LOW HITPOINT WARNING * * *
You barely miss the goblin.
The goblin shouts!
Your grab misses the goblin.
You pierce the goblin.
The goblin is severely wounded.
Your tentacle spike disappears.
The goblin hits you with a +0 dagger.
* * * LOW HITPOINT WARNING * * *
The goblin barely misses you. The goblin hits you with a +0 club.
* * * LOW HITPOINT WARNING * * *
You barely miss the goblin. You grab the goblin.
The goblin is severely wounded.
You constrict the goblin.
You feel a bit better.
You kill the goblin!
Robin points. "Kill!"
Robin hits you from afar with a +0 spear.
You die...

##......#..###.....
######..#.....# .
##....#####
##.......##
#..##.##..#######
#.###..........[.
#.. #####........
#.########†)......
.. #?....)@#######
.. ......gg#
.......g# #.......#
#......g# .........
.......g.
..........
..........


You could see Robin and 4 goblins.

Vanquished Creatures
  An adder (D:2)
  A dart slug (D:1)
  3 ball pythons
  An endoplasm (D:2)
  2 giant cockroaches
  10 goblins
  A kobold (D:1)
  2 quokkas (D:1)
  2 bats
  3 frilled lizards
  A rat (D:2)
27 creatures vanquished.

Notes
Turn   | Place    | Note
-------+----------+-------------------------------------------
     0 | D:1      | wakim the Octopode Transmuter began the quest for the Orb.
     0 | D:1      | Reached XP level 1. HP: 13/13 MP: 3/3
   315 | D:1      | Reached XP level 2. HP: 17/18 MP: 3/5
   658 | D:1      | Found a faded altar of an unknown god.
   715 | D:1      | Learned a level 2 spell: Wereblood
  1284 | D:2      | Reached XP level 3. HP: 19/23 MP: 2/6
  1332 | D:2      | Noticed Robin
  1350 | D:2      | Slain by Robin

Illustrated notes

Levels and vault maps discovered:
D:1:      dpeg_arrival_refuge, layout_basic, ebering_ecumenical_altar_petrified
D:2:      layout_rooms, st_stairs_11, uniq_robin, uniq_crazy_yiuf_cottage

Skill      XL: |  1  2 |
---------------+-------+-----
Dodging        | 3 |  3.3
Fighting       | |  1.0
Unarmed Combat | |  3.5
Spellcasting   | |  2.0
Transmutations | |  2.0

Action                   || total
-------------------------++-------
Melee: Unarmed           ||    55
       Constrict         ||    14
       Tentacles         ||    11
       Kick              ||     6
 Cast: Beastly Appendage ||    14
       Wereblood         ||     4
 Stab: Sleeping          ||     1
Armor: Skin              ||     9
Dodge: Dodged            ||    40

Table legend: (Time is in decaauts)
 A = Elapsed time spent in this place.
 B = Non-inter-level travel time spent in this place.
 C = Inter-level travel time spent in this place.
 D = Time resting spent in this place.
 E = Time spent auto-exploring this place.
 F = Levels seen in this place.
 G = Mean time per level.
                   A        B        C        D        E       F      G
               +--------+--------+--------+--------+--------+-----+--------+
         Total |   1346 |   1203 |    143 |      0 |    987 |   2 |  673.0 |
       Dungeon |   1346 |   1203 |    143 |      0 |    987 |   2 |  673.0 |
               +--------+--------+--------+--------+--------+-----+--------+

Top non-repeatable levels by time:
     D:1: 1152 daAuts
     D:2: 194 daAuts
